Map: Eternal Empire LE

Players

Cyanine - Winner!

  • Race: Terran Terran
  • Spawn Location: 7:00

A.I. 1 (Very Easy)

  • Race: Protoss Protoss
  • Spawn Location: 1:00

VOD

Have the link to the VOD?

Description

Time

  • Played on: July 4, 2020, 4:11 p.m.
  • Length: 9:40
Show
View Real Time Build Order
Export as new Build Order

Cyanine Terran - Winner!

Build Orders: Reaper Expand 

Get SALT Encoding   

  12  0:00  SCV  
  13  0:12  SCV  
  14  0:17  Supply Depot  
  14  0:24  SCV  
  15  0:39  SCV  
  15  0:40  Barracks  
  16  0:43  Refinery  
  16  0:51  SCV  
  17  1:03  SCV  
  18  1:15  SCV  
  19  1:27  Orbital Command, Reaper  
  20  1:39  Command Center  
  20  1:49  Supply Depot  
  20  1:53  SCV  
  21  1:59  Marine  
  22  2:05  SCV  
  22  2:07  Factory  
  23  2:17  SCV, Refinery  
  23  2:19  Barracks Reactor  
  24  2:29  SCV  
  25  2:42  SCV  
  26  2:51  Orbital Command  
  26  2:53  Starport  
  26  2:54  Factory Tech Lab  
  26  2:55  Marine  
  26  2:56  Marine  
  26  2:57  SCV  
  29  3:09  SCV  
  29  3:12  Cyclone  
  33  3:17  SCV  
  33  3:18  Marine x2  
  36  3:23  SCV  
  36  3:24  Supply Depot  
  37  3:29  SCV  
  37  3:30  Viking  
  40  3:35  SCV  
  42  3:41  SCV  
  42  3:47  SCV  
  43  3:50  Command Center  
  43  3:53  SCV  
  44  3:59  SCV  
  45  4:05  Factory Tech Lab, SCV  
  45  4:07  Raven  
  48  4:11  SCV  
  48  4:16  Supply Depot  
  49  4:17  SCV  
  49  4:23  Barracks, SCV  
  51  4:24  Barracks  
  51  4:29  SCV  
  52  4:34  Engineering Bay  
  52  4:35  Engineering Bay  
  52  4:37  Siege Tank, Refinery x2  
  55  4:40  SCV  
  55  4:42  SCV  
  57  4:48  Supply Depot  
  57  4:52  SCV, Supply Depot, Marine  
  58  4:54  SCV  
  58  4:55  Marine  
  61  5:02  Terran Infantry Weapons Level 1  
  61  5:04  Terran Infantry Armor Level 1, SCV  
  61  5:06  SCV  
  63  5:09  Orbital Command  
  63  5:14  Starport Reactor  
  63  5:17  Marine  
  63  5:18  Marauder, Marine  
  63  5:21  Marauder  
  69  5:23  Stimpack  
  69  5:27  Factory Reactor  
  69  5:29  SCV x2  
  69  5:31  Orbital Command  
  71  5:37  Marine x2  
  71  5:41  SCV x2  
  75  5:44  Marauder x2  
  79  5:53  Barracks x2, SCV x2  
  81  5:57  SCV  
  81  5:58  Marine x2  
  81  5:59  Medivac x2  
  81  6:01  Combat Shield  
  88  6:05  Widow Mine x2  
  88  6:06  SCV  
  93  6:12  SCV x2  
  93  6:13  Supply Depot  
  93  6:14  Supply Depot  
  93  6:16  Marauder  
  99  6:18  Marauder  
  99  6:25  SCV x2  
  101  6:35  Medivac, SCV, Widow Mine x2, Marine x2  
  101  6:36  Supply Depot  
  101  6:37  Medivac, Supply Depot  
  101  6:39  SCV  
  113  6:41  SCV  
  113  6:45  Armory  
  114  6:47  SCV  
  114  6:48  Refinery  
  114  6:50  Refinery  
  114  6:51  SCV, Barracks Reactor  
  114  6:52  Barracks Tech Lab  
  114  6:53  Marine  
  117  6:58  Marauder x2, Marine  
  117  7:01  Supply Depot  
  122  7:03  Supply Depot  
  122  7:04  Widow Mine  
  122  7:06  Widow Mine  
  122  7:07  SCV  
  127  7:08  SCV  
  127  7:11  Concussive Shells, Marauder  
  130  7:15  Marine  
  130  7:16  Marine  
  130  7:22  SCV x3, Marauder x2  
  139  7:26  Supply Depot x2  
  139  7:39  Marine x4  
  139  7:40  Marauder  
  139  7:44  Marauder x2  
  149  7:58  Supply Depot  
  149  8:00  Bunker  
  149  8:01  Marauder  
  149  8:03  Supply Depot  
  151  8:09  Marine  
  151  8:10  Marine x3  
  151  8:11  Marauder x2  
  159  8:16  Starport  
  159  8:19  Supply Depot  
  159  8:22  Marauder  
  159  8:23  Ghost Academy  
  161  8:32  Marauder  
  163  8:38  Command Center  
  163  8:40  Viking x2  
  167  8:53  Marauder x3, Marine x4  
  177  9:11  Marine x4  
  177  9:15  Marauder x3  
  195  9:37  Fusion Core  
  197  9:38  Supply Depot  
Show
View Real Time Build Order
Export as new Build Order

A.I. 1 (Very Easy) Protoss 

Build Orders: 1 Gate Expand, Nexus First 

Get SALT Encoding   

  12  0:00  Probe  
  13  0:13  Probe  
  14  0:19  Pylon  
  14  0:42  Gateway  
  14  1:02  Nexus  
  14  1:19  Pylon  
  14  1:21  Zealot  
  14  1:24  Assimilator  
  16  1:37  Cybernetics Core  
  16  1:38  Probe  
  17  1:50  Probe  
  18  2:00  Probe  
  18  2:01  Assimilator  
  18  2:07  Stalker  
  19  2:08  Probe  
  22  2:16  Warp Gate  
  22  2:17  Probe  
  23  2:24  Probe  
  24  2:32  Probe  
  25  2:39  Probe  
  26  2:47  Probe  
  26  2:49  Pylon  
  27  2:54  Probe  
  28  3:00  Probe  
  29  3:08  Probe  
  29  3:11  Probe  
  30  3:15  Robotics Facility  
  31  3:26  Probe  
  32  3:31  Zealot  
  32  3:32  Assimilator  
  32  3:33  Probe  
  35  3:40  Probe  
  36  3:47  Probe  
  37  3:54  Probe  
  38  4:00  Assimilator, Observer  
  38  4:01  Probe  
  39  4:09  Probe  
  41  4:14  Observer, Probe  
  42  4:23  Probe  
  44  4:26  Probe  
  45  4:34  Pylon  
  45  4:37  Probe  
  46  4:45  Probe  
  47  4:48  Stalker  
  47  4:52  Probe  
  50  6:26  Observer  
  50  8:30  Zealot  
  50  8:31  Observer  
  50  8:33  Pylon  
  39  8:42  Probe  
  25  8:55  Probe  
  26  8:59  Stalker  
  28  9:07  Probe  
  29  9:10  Pylon  
  29  9:14  Pylon  
Tags
 
Add a new tag
Caveats
  • Supply blocks, unpowered buildings, or Contaminate may cause inaccurate times.
  • Supply counts are checked every 10 seconds.